 Dungeon Crawl Stone Soup version 0.31.0-32-g396128a36d (webtiles) character file.

Game seed: 1591716184686852643

319 spaghetti the Magician (level 6, 0/41 HPs)
             Began as a Mummy Summoner on Mar 9, 2024.
             Slain by an ufetubus (4 damage)
             ... on level 5 of the Dungeon.
             The game lasted 00:07:53 (4055 turns).

spaghetti the Magician (Mummy Summoner)             Turns: 4055, Time: 00:07:54

Health: 0/41       AC: 15    Str: 12    XL:     6   Next: 21%
Magic:  10/15      EV:  6    Int: 16    God:
Gold:   210        SH:  0    Dex: 12    Spells: 11/17 levels left

rFire   . . .        e - +4 quarterstaff (chaos)
rCold   + . .        (shield currently unavailable)
rNeg    + + +        j - +2 chain mail {rF+}
rPois   ∞            (no helmet)
rElec   .            g - +2 cloak
rCorr   .            (no gloves)
SInv    .            h - +1 pair of boots
Will    .....        (no amulet) Stlth
                     (no ring)
HPRegen 0.26/turn    (no ring)
MPRegen 0.14/turn

%: faith
@: very slightly contaminated
A: cold resistance 1, negative energy resistance 3, torment resistance 2, heat
vulnerability 1, in touch with death 1, no potions, faith
a: no special abilities


You were on level 5 of the Dungeon.
You visited 1 branch of the dungeon, and saw 5 of its levels.

You collected 210 gold pieces.

Inventory:

Hand Weapons
 d - a +0 great mace
 e - a +4 quarterstaff of chaos (weapon)
 i - a +1 dagger of venom
Armour
 a - a +0 robe
 g - a +2 cloak (worn)
 h - a +1 pair of boots (worn)
 j - a +2 chain mail of fire resistance (worn)
Scrolls
 b - a scroll of vulnerability
 c - 3 scrolls of identify
 f - a scroll of brand weapon {unknown}


   Skills:
 - Level 1.5 Dodging
 - Level 1.5 Stealth
 + Level 6.0 Spellcasting
 + Level 5.0 Summonings


You had 11 spell levels left.
You knew the following spells:

 Your Spells              Type           Power      Damage    Failure   Level
a - Summon Small Mammal   Summ           80%        N/A       45%         1
b - Call Imp              Summ           40%        N/A       61%         2
c - Call Canine Familiar  Summ           20%        N/A       83%         3

Your spell library contained the following spells:

 Spells                   Type           Power      Damage    Failure   Level
 Frozen Ramparts          Ice            8%         1d2       100%        3
 Sigil of Binding         Hex            4%         N/A       100%        3
 Dimensional Bullseye     Hex/Tloc       2%         N/A       100%        4
 Leda's Liquefaction      Alch/Erth      2%         N/A       100%        4
 Petrify                  Alch/Erth      4%         N/A       100%        4
 Summon Blazeheart Golem  Fire/Summ      12%        N/A       100%        4
 Summon Lightning Spire   Summ/Air       12%        N/A       100%        4
 Metabolic Englaciation   Hex/Ice        2%         N/A       100%        5


Dungeon Overview and Level Annotations

Branches:
Dungeon (5/15)
 Temple: D:4-7

Altars:


Innate Abilities, Weirdness & Mutations

You are immune to poison.
Your flesh is cold resistant. (rC+)
You are immune to negative energy. (rN+++)
You are immune to unholy pain and torment.
You are vulnerable to heat. (rF-)
You are in touch with the powers of death.
You do not drink.
You have a special connection with the divine. (Faith)


Message History

Your cerulean imp hits the ufetubus but does no damage.
The ufetubus hits you but does no damage.
The ufetubus barely misses you. The ufetubus hits you.
The ufetubus hits you but does no damage. x2
The ufetubus completely misses you.
Your cerulean imp hits the ufetubus but does no damage.
You barely miss the ufetubus.
The ufetubus hits you but does no damage.
The ufetubus hits you. The ufetubus closely misses you.
The ufetubus hits you but does no damage.
The ufetubus hits you. x2
* * * LOW HITPOINT WARNING * * *
Your cerulean imp hits the ufetubus but does no damage.
The ufetubus hits you.
* * * LOW HITPOINT WARNING * * *
The ufetubus hits you but does no damage.
You closely miss the ufetubus. The ufetubus closely misses you.
The ufetubus hits you but does no damage. x3
Your cerulean imp hits the ufetubus from afar with a -2 spear.
The ufetubus hits you but does no damage.
The ufetubus hits you.
* * * LOW HITPOINT WARNING * * *
The ufetubus closely misses you.
The ufetubus hits you but does no damage.
You can't drink.
Okay, then.
Okay, then.
Casting: Call Imp (quite dangerous; 61% risk of failure)
Confirm with . or Enter, or press ? or * to list all spells.
You miscast Call Canine Familiar.
You are very lightly contaminated with residual magic.
A chorus of moans calls out in your mind.
A nameless horror comes into view.
The ufetubus hits you but does no damage. x2
Your cerulean imp barely misses the ufetubus.
The ufetubus barely misses you. The ufetubus closely misses you.
Unknown command.
Found a scroll labelled UMOMPU YL ESO.
The ufetubus attacks as it pursues you! The ufetubus hits you.
You die...

#. .# #.##.##.#
#..#.##.# .....#.#
#.#..#.#
####.#..#.#
#<.......X######
#####....5.5...###.
#.....5@.......
#....#####.....
##+#..?.# #.?
#.##.# #.# # #.#
#.# #.# #.#


You could see a nameless horror, 2 ufetubi and a friendly cerulean imp
(summoned).

Vanquished Creatures
  Edmund (D:4)
  A hound (D:4)
  Crazy Yiuf (D:3)
  2 iguanas
  A sleepcap (D:4)
  3 dart slugs
  2 endoplasms
  A giant cockroach (D:1)
  5 goblins
  6 hobgoblins
  3 kobolds
  A quokka (D:2)
  2 ball pythons
  5 bats
  A frilled lizard (D:2)
  2 rats
37 creatures vanquished.

Vanquished Creatures (collateral kills)
  An adder (D:4)
  A dart slug (D:3)
  A ribbon worm (D:2)
  An endoplasm (D:1)
  A giant cockroach (D:1)
  6 goblins
  A hobgoblin (D:1)
  4 kobolds
  2 ball pythons
  4 rats (D:3)
22 creatures vanquished.

Grand Total: 59 creatures vanquished

Notes
Turn   | Place    | Note
-------+----------+-------------------------------------------
     0 | D:1      | spaghetti the Mummy Summoner began the quest for the Orb.
     0 | D:1      | Reached XP level 1. HP: 13/13 MP: 4/4
   149 | D:1      | Reached skill level 3 in Spellcasting
   184 | D:1      | Found a faded altar of an unknown god.
   403 | D:1      | Reached XP level 2. HP: 6/19 MP: 1/6
   411 | D:1      | Learned a level 2 spell: Call Imp
  1013 | D:2      | Reached XP level 3. HP: 10/24 MP: 4/8
  1017 | D:2      | Learned a level 3 spell: Call Canine Familiar
  1725 | D:3      | Reached skill level 4 in Spellcasting
  1838 | D:3      | Found a runed translucent door.
  2222 | D:3      | Noticed Crazy Yiuf
  2313 | D:3      | Killed Crazy Yiuf
  2314 | D:3      | Reached XP level 4. HP: 15/30 MP: 5/10
  2717 | D:4      | Reached skill level 5 in Spellcasting
  2717 | D:4      | Reached XP level 5. HP: 33/35 MP: 9/12
  2937 | D:4      | Noticed Edmund
  3267 | D:4      | Killed Edmund
  3702 | D:4      | Reached XP level 6. HP: 39/41 MP: 14/14
  4024 | D:5      | Entered Level 5 of the Dungeon
  4045 | D:5      | Reached skill level 6 in Spellcasting
  4045 | D:5      | Reached skill level 5 in Summonings
  4054 | D:5      | Noticed a nameless horror
  4055 | D:5      | Slain by an ufetubus

Illustrated notes

Levels and vault maps discovered:
D:1:      lemuel_arrival_room, layout_rooms,
          hellmonk_ecumenical_altar_heavens_door, st_stairs_11
D:2:      layout_basic, uniq_jessica
D:3:      layout_basic, uniq_crazy_yiuf_cottage
D:4:      layout_loops_ring, nicolae_concentric_dashed_squares_mild,
          grunt_ministairs_7, chequers_serial_rivers_micro_e, uniq_edmund
D:5:      layout_basic, serial_shops, shop, chequers_serial_rivers_small_3,
          uniq_eustachio

Skill      XL: |  1  2  3  4  5  6 |
---------------+-------------------+-----
Spellcasting   | 3 4 5 6 |  6.0
Summonings     | 4 5 |  5.0
Dodging        | |  1.5
Stealth        | |  1.5

Action                     |  1- 3 |  4- 6 || total
---------------------------+-------+-------++-------
  Melee: Unarmed           |    21 |       ||    21
         Club              |    35 |       ||    35
         Whip              |    49 |       ||    49
         Dagger            |     4 |       ||     4
         Quarterstaff      |       |    48 ||    48
   Cast: Summon Small Mamm |    36 |    15 ||    51
         Call Imp          |    19 |    19 ||    38
         Call Canine Famil |     9 |    10 ||    19
    Use: Scroll            |     8 |     1 ||     9
   Stab: Distracted        |     2 |     1 ||     3
 Armour: Robe              |    64 |    21 ||    85
         Chain mail        |       |    77 ||    77
  Dodge: Dodged            |   104 |    46 ||   150
